 Dungeon Crawl Stone Soup version 0.14-a0-2592-g262d02f (webtiles) character file.

131 Kae the Firebug (level 2, 0/15 HPs)
             Began as a Tengu Fire Elementalist on Feb 12, 2014.
             Succumbed to an adder's poison
             ... on Level 2 of the Dungeon.
             The game lasted 00:01:25 (1255 turns).

Kae the Firebug (Tengu Fire Elementalist)           Turns: 1255, Time: 00:01:25

HP   0/15        AC  2     Str  8      XL: 2   Next: 91%
MP   1/5         EV 12     Int 15      God:
Gold 109         SH  0     Dex 14      Spells:  2 memorised,  2 levels left

rFire  . . .     SeeInvis .     (no weapon)
rCold  . . .     Clarity  .     a - +0 robe
rNeg   . . .     Conserve .     (no shield)
rPois  .         rCorr    .     (helmet restricted)
rElec  .         rRot     .     (no cloak)
SustAb . .       Spirit   .     (no gloves)
rMut   .         Warding  .     (boots unavailable)
Saprov . . .     Stasis   .     (no amulet)
MR     .....                    (no ring)
                                (no ring)

@: mildly poisoned, very slightly contaminated, hasted, very quick, not
resistant to hostile enchantments, fairly stealthy
A: beak, talons 3
a: no special abilities


You were on level 2 of the Dungeon.
You were hungry.

You visited 1 branch of the dungeon, and saw 2 of its levels.

You collected 109 gold pieces.

Inventory:

Armour
 a - a +0 robe (worn)
Comestibles
 c - a bread ration
 j - an apple
 k - a meat ration
 q - a rotting chunk of hobgoblin flesh
Scrolls
 d - 2 scrolls of curse armour {unknown}
 f - a scroll of identify {unknown}
 g - 2 scrolls of teleportation {unknown}
 l - 2 scrolls of noise {unknown}
 m - 2 scrolls of remove curse {unknown}
 n - a scroll of fog {unknown}
 p - a scroll of curse weapon {unknown}
Potions
 e - a potion of magic {unknown}
 h - a potion of heal wounds {unknown}
 i - a potion of brilliance {unknown}
 o - a potion of curing {unknown}
Books
 b - a book of Flames

   Spells                             Type                      Level
   *Flame Tongue                      Conjuration/Fire             1
   *Throw Flame                       Conjuration/Fire             2
   Conjure Flame                      Conjuration/Fire             3
   Inner Flame                        Hexes/Fire                   3
   Sticky Flame                       Conjuration/Fire             4
   Fireball                           Conjuration/Fire             5


   Skills:
 - Level 2.1 Dodging
 - Level 2.0 Stealth
 + Level 2.1 Spellcasting
 * Level 2.0 Conjurations
 * Level 4.1 Fire Magic


You had 2 spell levels left.
You knew the following spells:

 Your Spells              Type           Power        Failure   Level  Hunger
a - Flame Tongue          Conj/Fire      ##...        8%          1    #......
b - Throw Flame           Conj/Fire      ##....       12%         2    ###....


Dungeon Overview and Level Annotations

Branches:
Dungeon (2/16)

Altars:


Innate Abilities, Weirdness & Mutations

You have a beak for a mouth.
You have claws for feet.


Message History

You closely miss the adder. Your kick misses the adder. The adder bites you.
You are too injured to fight recklessly!
You are too injured to fight recklessly!
You are too injured to fight recklessly!
You are too injured to fight recklessly!
You are too injured to fight recklessly!
You are too injured to fight recklessly!
You miss the adder. The adder bites you.
* * * LOW HITPOINT WARNING * * *
You are more poisoned.
The adder poisons you!
You miss the adder. The adder bites you but does no damage.
You hit the adder.
The adder is lightly wounded.
The adder bites you.
* * * LOW HITPOINT WARNING * * *
The adder misses you.
Drink which item? (? for menu, Esc to quit)
You feel yourself speed up.
It was a potion of speed.
You die...

##+### #....# #....#
#....# . #)...# ##.#
#....# ... #....####.#####
######....##.........
#####.......#...@S)......
#.............##...$.....
##.##.################.#
#.##..............### ...
#.###############.#......#
### #.# #....# #.#.##...#
#.. #.# #.##.# #.#.##...##
#.# #.# #.##.# #.#)......#
#.# #.# #.##.###'#.......#
#.#


You could see an adder.

Vanquished Creatures
  A giant gecko (D:1)
  An ooze (D:2)
  3 hobgoblins
  3 kobolds (D:1)
  3 bats
  A giant newt (D:1)
  5 goblins
  5 rats
22 creatures vanquished.

Notes
Turn   | Place    | Note
--------------------------------------------------------------
     0 | D:1      | Kae, the Tengu Fire Elementalist, began the quest for the Orb.
     0 | D:1      | Reached XP level 1. HP: 10/10 MP: 3/3
   214 | D:1      | Reached XP level 2. HP: 4/15 MP: 3/5
   365 | D:1      | Learned a level 2 spell: Throw Flame
   687 | D:1      | Reached skill level 4 in Fire Magic
  1255 | D:2      | Succumbed to an adder's poison

Action                   || total
-------------------------++-------
Melee: Unarmed           ||    34
 Cast: Flame Tongue      ||    26
  Use: Potion            ||     1
